[Event "Titled Tuesday Blitz March 29 Late 2022"]
[White "Gauri, Shankar"]
[Black "Vifleemskaia, Svetlana"]
[WhiteFideId "5041350"]
[BlackFideId "4129490"]
[WhiteElo "2240"]
[BlackElo "1901"]
[Result "1-0"]
[Round "09"]
[TimeControl "180+1"]
[Date "2022.03.30"]
[WhiteClock "0:02:21"]
[BlackClock "0:00:14"]

1. b3 e5 2. Bb2 Nc6 3. e3 Nf6 4. Nf3 Bd6 5. d4 exd4 6. exd4 O-O 7. Be2 Bb4+ 8. c3 Be7 9. O-O d5 10. Bd3 Bg4 11. Nbd2 Bh5 12. Re1 Bg6 13. Bf1 Bd6 14. Ne5 Re8 15. Nxg6 Rxe1 16. Qxe1 hxg6 17. Bd3 Qe7 18. Qxe7 Bxe7 19. Re1 Re8 20. f3 Bd6 21. Rxe8+ Nxe8 22. Bb5 Bf4 23. Nf1 Nd6 24. Bxc6 bxc6 25. g3 Bg5 26. Kf2 f5 27. Ke2 f4 28. g4 Bf6 29. Kd3 g5 30. Nd2 Kf7 31. Ba3 Ke6 32. Bc5 Nc8 33. a4 Be7 34. b4 a6 35. Nb3 Nb6 36. Bxe7 Kxe7 37. Nc5 Nc4 38. a5 Kd6 39. Nxa6 Ke7 40. Nxc7 Kd7 41. Na6 Kd6 42. Nc5 1-0


[Site "https://www.chess.com"]

[Event "Titled Tuesday Blitz March 29 Late 2022"]
[White "Golubev, Mikhail"]
[Black "Erdogdu, Mert"]
[WhiteFideId "14100983"]
[BlackFideId "6301495"]
[WhiteElo "2374"]
[BlackElo "2485"]
[Result "0-1"]
[Round "09"]
[TimeControl "180+1"]
[Date "2022.03.29"]
[WhiteClock "0:00:11"]
[BlackClock "0:01:00"]

1. e4 c5 2. Nf3 d6 3. d4 cxd4 4. Nxd4 Nf6 5. Nc3 a6 6. Bc4 e6 7. O-O Be7 8. Bb3 O-O 9. f4 Nbd7 10. Be3 Nc5 11. e5 dxe5 12. fxe5 Nfd7 13. Qh5 g6 14. Qe2 Bg5 15. Rad1 Qe7 16. Bxg5 Qxg5 17. Nf3 Qe7 18. Qe3 b5 19. Qh6 Nxb3 20. Ng5 f5 21. exf6 Nxf6 22. axb3 Bb7 23. Rde1 e5 24. Re3 Ng4 25. Rxf8+ Rxf8 0-1


[Site "https://www.chess.com"]

[Event "Titled Tuesday Blitz March 29 Late 2022"]
[White "Goryachkina, Aleksandra"]
[Black "Rosen, Eric"]
[WhiteFideId "4147103"]
[BlackFideId "2032562"]
[WhiteElo "2426"]
[BlackElo "2362"]
[Result "1-0"]
[Round "09"]
[TimeControl "180+1"]
[Date "2022.03.29"]
[WhiteClock "0:00:24"]
[BlackClock "0:00:01"]

1. e4 e5 2. Nf3 Nf6 3. Nxe5 Nc6 4. Nf3 Nxe4 5. d3 Nf6 6. d4 d5 7. Bd3 Bd6 8. O-O O-O 9. Bg5 Bg4 10. c3 Bh5 11. Nbd2 Bg6 12. Qc2 Be7 13. Rfe1 Re8 14. Ne5 Nxe5 15. dxe5 Nd7 16. Bxe7 Qxe7 17. f4 Nc5 18. f5 Nxd3 19. Qxd3 Bh5 20. h3 Qg5 21. Re3 Qf4 22. Rf1 Qh4 23. Qd4 Qxd4 24. cxd4 f6 25. g4 Bf7 26. e6 Kf8 27. Rc3 Bxe6 28. fxe6 c6 29. Re3 Ke7 30. Nf3 Kd6 31. Nh4 Rxe6 32. Nf5+ Kd7 33. Rxe6 Kxe6 34. Re1+ Kf7 35. Re7+ Kf8 36. Rxg7 b6 37. Rxh7 Kg8 38. Rc7 c5 39. dxc5 bxc5 40. Rxc5 Rb8 41. b3 d4 42. Rd5 Rb4 43. Rxd4 Rb5 44. Rd8+ Kh7 45. Rd7+ Kh8 46. Rxa7 Rd5 47. Ra8+ Kh7 48. Kf2 Rd3 49. h4 Rh3 50. b4 Rh2+ 51. Ke3 Rb2 52. a3 Rc2 53. b5 Rb2 54. a4 Rb4 55. Ra7+ Kh8 56. g5 fxg5 57. hxg5 Kg8 58. g6 Rb3+ 59. Kf4 Rb4+ 60. Kg5 1-0


[Site "https://www.chess.com"]

[Event "Titled Tuesday Blitz March 29 Late 2022"]
[White "Gurevich, Dmitry"]
[Black "Lin, Dachey"]
[WhiteFideId "2000407"]
[BlackFideId "2029650"]
[WhiteElo "2506"]
[BlackElo "2313"]
[Result "0-1"]
[Round "09"]
[TimeControl "180+1"]
[Date "2022.03.29"]
[WhiteClock "0:00:03"]
[BlackClock "0:00:34"]

1. d4 g6 2. c4 Bg7 3. e4 c6 4. Nc3 d6 5. Nf3 e5 6. Be2 Qc7 7. d5 Ne7 8. h4 h5 9. Be3 Nd7 10. Rc1 Nf6 11. O-O Ng4 12. Bd2 O-O 13. b4 a5 14. a3 Bd7 15. c5 Rfd8 16. dxc6 bxc6 17. Bg5 Be6 18. cxd6 Rxd6 19. Nb5 Rxd1 20. Nxc7 Rxf1+ 21. Kxf1 Ra7 22. Nxe6 fxe6 23. Bxe7 Rxe7 24. Rxc6 axb4 25. axb4 Ra7 26. Rc1 Nf6 27. Nxe5 Nxe4 28. Nxg6 Bd4 29. Bxh5 Ra2 30. Kg1 Bxf2+ 31. Kh2 Bg3+ 32. Kh3 Bd6 33. Kg4 Nf6+ 34. Kf3 Nxh5 35. Rc6 Ra3+ 36. Kg4 Nf6+ 37. Kg5 Kg7 38. g4 Rd3 39. Nf4 Ne4+ 40. Kh5 Ng3+ 0-1


[Site "https://www.chess.com"]

[Event "Titled Tuesday Blitz March 29 Late 2022"]
[White "Iskusnyh, Sergei"]
[Black "Sapunov, Evgeny"]
[WhiteFideId "4120027"]
[BlackFideId "4126661"]
[WhiteElo "2492"]
[BlackElo "2470"]
[Result "0-1"]
[Round "09"]
[TimeControl "180+1"]
[Date "2022.03.29"]
[WhiteClock "0:00:04"]
[BlackClock "0:00:21"]

1. d4 Nf6 2. c4 g6 3. g3 Bg7 4. Bg2 O-O 5. Nc3 d6 6. Nf3 Nc6 7. O-O Bf5 8. d5 Na5 9. Nh4 Bd7 10. Qd3 c5 11. b3 a6 12. Bd2 Rb8 13. Rac1 b5 14. Nd1 e6 15. e4 Re8 16. Ne3 exd5 17. exd5 Ng4 18. Nxg4 Bxg4 19. Rfe1 Qb6 20. Rxe8+ Rxe8 21. Re1 Rxe1+ 22. Bxe1 bxc4 23. bxc4 Bd4 24. h3 Bd7 25. Nf3 Bf6 26. g4 h6 27. Bd2 Bg7 28. Bf1 Nb7 29. Qb3 Qxb3 30. axb3 a5 31. Bd3 a4 32. bxa4 Bxa4 33. Bf4 Bd7 34. Nd2 f5 35. gxf5 Bxf5 36. Bxf5 gxf5 37. Nf1 Kf7 38. Ne3 Kg6 39. Kg2 Be5 40. Kf3 Na5 41. Bxe5 dxe5 42. d6 Kf6 43. d7 Nc6 44. Nd5+ Ke6 45. Nb6 Kd6 46. Ke3 Kc7 47. Nd5+ Kxd7 48. Nf6+ Ke6 49. Ng8 h5 50. f4 e4 51. Nh6 Ne7 52. Ng4 hxg4 53. hxg4 fxg4 54. Kxe4 Nf5 0-1


[Site "https://www.chess.com"]

[Event "Titled Tuesday Blitz March 29 Late 2022"]
[White "Jaferian, Koosha"]
[Black "Batsiashvili, Nino"]
[WhiteFideId "12507440"]
[BlackFideId "13602993"]
[WhiteElo "2030"]
[BlackElo "2192"]
[Result "1-0"]
[Round "09"]
[TimeControl "180+1"]
[Date "2022.03.29"]
[WhiteClock "0:00:11"]
[BlackClock "0:00:01"]

1. Nf3 d5 2. b3 c5 3. e3 Nc6 4. Bb2 Nf6 5. Be2 e6 6. O-O Be7 7. d4 O-O 8. dxc5 Bxc5 9. c4 dxc4 10. Bxc4 a6 11. Qe2 b5 12. Bd3 Bb7 13. a3 Qe7 14. b4 Bb6 15. Rd1 e5 16. Bc2 Rac8 17. Nc3 h6 18. Rac1 e4 19. Nd2 Ne5 20. Ncxe4 Nxe4 21. Bxe4 Bxe4 22. Nxe4 Nc4 23. Ng3 Nxb2 24. Qxb2 Rxc1 25. Rxc1 Rd8 26. Nf5 Qg5 27. Qe5 Kh7 28. Qe4 g6 29. Ng3 Qf6 30. h3 Rd2 31. Rf1 Ra2 32. Qd3 Kg7 33. Ne4 Qe5 34. Nd2 Qb2 35. Nf3 Rxa3 36. Qd6 Ba7 37. Ne5 Ra2 38. Qe7 Qb3 39. Qxa7 Qe6 40. Qd4 Kh7 41. Nd3 a5 42. bxa5 Rxa5 43. Nf4 Qf5 44. Qb4 Ra4 45. Qf8 g5 46. Nh5 Qg6 47. g4 Ra2 48. Rc1 Rb2 49. Qd8 b4 50. Nf6+ Kg7 51. Nh5+ Kh7 52. Qd4 Rb3 53. Nf6+ 1-0


[Site "https://www.chess.com"]

[Event "Titled Tuesday Blitz March 29 Late 2022"]
[White "Janaszak, Dawid"]
[Black "Sliwicki, Damian"]
[WhiteFideId "1119206"]
[BlackFideId "1127128"]
[WhiteElo "2199"]
[BlackElo "2067"]
[Result "0-1"]
[Round "09"]
[TimeControl "180+1"]
[Date "2022.03.30"]
[WhiteClock "0:00:03"]
[BlackClock "0:00:35"]

1. e4 c5 2. Nc3 g6 3. d4 cxd4 4. Qxd4 Nf6 5. Be3 Nc6 6. Qd2 Bg7 7. Bh6 O-O 8. f3 Qa5 9. O-O-O d6 10. Nge2 Be6 11. Bxg7 Kxg7 12. Kb1 Rfc8 13. Nf4 Ne5 14. h4 Bc4 15. Bd3 b5 16. Bxc4 Nxc4 17. Qe1 Qb4 18. Nd3 Na3+ 19. Kc1 Qa5 20. Rd2 Rxc3 21. bxc3 Qxc3 22. Nb2 Nc4 23. Kd1 Nxd2 24. Nd3 Nb1 25. Kc1 Qxe1+ 26. Rxe1 Nc3 27. Kb2 Rc8 28. g4 Nd7 29. Nb4 a5 30. Nd3 Ne5 31. Nxe5 dxe5 32. a3 Na4+ 33. Kc1 Rc3 34. Rd1 Rxa3 35. Rd7 Rxf3 36. Rxe7 Nc3 0-1


[Site "https://www.chess.com"]

[Event "Titled Tuesday Blitz March 29 Late 2022"]
[White "Jary, Sergey"]
[Black "Hess, Robert"]
[WhiteFideId "14110350"]
[BlackFideId "2022036"]
[WhiteElo "2260"]
[BlackElo "2557"]
[Result "1-0"]
[Round "09"]
[TimeControl "180+1"]
[Date "2022.03.29"]
[WhiteClock "0:00:11"]
[BlackClock "0:00:14"]

1. e4 g6 2. d4 Bg7 3. c4 d6 4. Nc3 c5 5. d5 Bxc3+ 6. bxc3 Qa5 7. Qb3 Nf6 8. f3 Nbd7 9. a4 Kd8 10. Bd2 a6 11. Nh3 Kc7 12. Be2 Nb6 13. O-O Bxh3 14. gxh3 Nbd7 15. Kf2 Rhb8 16. Bf4 Nh5 17. Be3 Nhf6 18. Bf4 Kd8 19. h4 Ke8 20. Rg1 Kf8 21. Kg2 Kg8 22. Kh1 Qc7 23. Qc2 Nh5 24. Bh6 Kh8 25. a5 b6 26. axb6 Rxb6 27. f4 Nhf6 28. h3 Rab8 29. Bg5 Rb2 30. Qd3 R8b6 31. h5 Kg7 32. hxg6 hxg6 33. h4 Kf8 34. Rgb1 Qb7 35. Re1 Ke8 36. Bf3 Rf2 37. Kg1 Rbb2 38. Re2 Rfxe2 39. Bxe2 Nh5 40. Re1 f6 41. Bh6 Kf7 42. Bxh5 gxh5 43. e5 Nxe5 44. fxe5 dxe5 45. Be3 Ke8 46. Qh7 Kd8 47. Qg8+ Kc7 48. Qe6 Kb8 49. Bxc5 Qc7 50. Qxe7 Qc8 51. Bd6+ Ka8 52. Qf8 Qxf8 53. Bxf8 Rc2 54. c5 Rxc3 55. c6 Rd3 56. Bg7 Rxd5 57. Bxf6 Rd6 58. Rc1 Rxf6 59. c7 Rg6+ 60. Kf2 Rg8 61. c8=Q+ Rxc8 62. Rxc8+ Kb7 63. Re8 a5 64. Rxe5 Kb6 65. Rxh5 a4 66. Ke3 a3 67. Rh8 Kb7 68. Rh5 Kb6 69. Rh6+ Kb7 70. Rg6 a2 71. Rg1 Kc6 72. Ra1 Kd6 73. Rxa2 Ke6 74. Ra5 Kf6 75. Ke4 Kg7 76. Kf4 Kh7 77. Kg5 Kg7 78. Ra7+ Kg8 79. Kf6 Kf8 80. Ra8# 1-0


[Site "https://www.chess.com"]

[Event "Titled Tuesday Blitz March 29 Late 2022"]
[White "Karavaeva, Olga"]
[Black "Przybylski, Wojciech"]
[WhiteFideId "4124111"]
[BlackFideId "1117599"]
[WhiteElo "2105"]
[BlackElo "2133"]
[Result "0-1"]
[Round "09"]
[TimeControl "180+1"]
[Date "2022.03.30"]
[WhiteClock "0:00:14"]
[BlackClock "0:00:54"]

1. c4 b6 2. Nc3 e6 3. Nf3 Bb7 4. g3 g5 5. h3 f5 6. Bg2 g4 7. hxg4 fxg4 8. Nh4 Bxg2 9. Nxg2 Nc6 10. d4 Nf6 11. Bg5 Bg7 12. Nf4 Qe7 13. Nh5 O-O-O 14. Nxg7 Qxg7 15. Be3 d5 16. Qa4 Kb7 17. c5 Ne4 18. Nxe4 dxe4 19. O-O-O Rd5 20. Rd2 h5 21. Rhd1 Rhd8 22. Kb1 Qd7 23. cxb6 axb6 24. Qc2 Ra8 25. Qxe4 Ra4 26. a3 Na5 27. Rc2 Nc4 28. Rdc1 Qb5 29. Rxc4 Rxc4 30. Rxc4 Qxc4 31. Qxe6 Rxd4 32. Qxc4 Rxc4 33. b3 Rc3 34. Kb2 Rxe3 35. fxe3 h4 0-1


[Site "https://www.chess.com"]

[Event "Titled Tuesday Blitz March 29 Late 2022"]
[White "Kosakowski, Jakub"]
[Black "Vovk, Orest"]
[WhiteFideId "1185080"]
[BlackFideId "14113490"]
[WhiteElo "2476"]
[BlackElo "2203"]
[Result "1-0"]
[Round "09"]
[TimeControl "180+1"]
[Date "2022.03.29"]
[WhiteClock "0:01:17"]
[BlackClock "0:00:26"]

1. g3 h6 2. a3 Nf6 3. Bg2 g5 4. b4 d5 5. Bb2 Bg7 6. Nf3 c6 7. d3 Bf5 8. O-O Nbd7 9. Nbd2 e6 10. c4 O-O 11. Re1 Bg6 12. e4 dxe4 13. dxe4 Ng4 14. Bxg7 Kxg7 15. e5 f6 16. exf6+ Qxf6 17. Qe2 h5 18. Qxe6 Rad8 19. Qxf6+ Rxf6 20. Nxg5 Nf8 21. Nde4 Rf5 22. f4 Rd4 23. Rad1 Rxd1 24. Rxd1 Ne3 25. Rd8 Nxc4 26. Nc5 b6 27. Nce6+ Nxe6 28. Nxe6+ Kf6 29. Nd4 Ke7 30. Nxc6+ Ke6 31. Nd4+ Ke7 32. Rc8 Nxa3 33. Rc7+ Kd6 34. Rc6+ Kd7 35. Rxg6 1-0


[Site "https://www.chess.com"]

[Event "Titled Tuesday Blitz March 29 Late 2022"]
[White "Kosteniuk, Alexandra"]
[Black "Karttunen, Mika"]
[WhiteFideId "4128125"]
[BlackFideId "502081"]
[WhiteElo "2469"]
[BlackElo "2343"]
[Result "1/2-1/2"]
[Round "09"]
[TimeControl "180+1"]
[Date "2022.03.29"]
[WhiteClock "0:00:18"]
[BlackClock "0:00:10"]

1. e4 c5 2. c3 d5 3. exd5 Qxd5 4. d4 Nf6 5. Nf3 e6 6. Be2 Nc6 7. O-O Be7 8. c4 Qd8 9. dxc5 Qxd1 10. Rxd1 Bxc5 11. Nc3 O-O 12. a3 a5 13. Na4 Ba7 14. Bf4 Ne4 15. Be3 Bxe3 16. fxe3 e5 17. Nb6 Rb8 18. Nd7 Bxd7 19. Rxd7 Rfd8 20. Rad1 f6 21. R1d5 Rxd7 22. Rxd7 Nc5 23. Rd5 b6 24. Rd6 Rc8 25. Nd2 Kf8 26. Bf3 Rd8 27. Rxc6 Rxd2 28. b4 axb4 29. axb4 Nd3 30. Rxb6 e4 31. Bh5 g6 32. Rxf6+ Ke7 33. Rf1 gxh5 34. h4 Ke6 35. c5 Nxb4 36. Rf4 Ke5 37. Rf7 Rd5 38. Rxh7 Rxc5 39. Rxh5+ Kd6 40. Rxc5 Kxc5 41. h5 Kd6 42. Kf2 Nd5 43. h6 Nf6 44. Kg3 Ke5 45. Kh4 Nh7 46. Kh5 Kf5 47. g3 Nf8 48. g4+ Kf6 49. g5+ Kf5 50. Kh4 Kg6 51. Kg4 Nh7 52. Kf4 Nxg5 53. h7 Nxh7 54. Kxe4 Kf6 55. Kd4 Ke6 56. e4 Ng5 57. e5 Nf7 58. Ke4 Nxe5 1/2-1/2


[Site "https://www.chess.com"]

[Event "Titled Tuesday Blitz March 29 Late 2022"]
[White "Kostiukov, Alexandr"]
[Black "Le Goff, Ronan"]
[WhiteFideId "14108100"]
[BlackFideId "612073"]
[WhiteElo "2202"]
[BlackElo "2276"]
[Result "0-1"]
[Round "09"]
[TimeControl "180+1"]
[Date "2022.03.30"]
[WhiteClock "0:00:01"]
[BlackClock "0:00:39"]

1. g3 h5 2. h4 d5 3. Bg2 c6 4. c4 dxc4 5. Qc2 Be6 6. Na3 Na6 7. Nxc4 Nb4 8. Qb3 a5 9. a3 Qd4 10. Nf3 Qxc4 11. Qxc4 Bxc4 12. axb4 a4 13. Ne5 Bb5 14. d3 Nf6 15. Bd2 e6 16. O-O Nd5 17. Bxd5 cxd5 18. Rfc1 Bd6 19. Nf3 Kd7 20. Nd4 Ba6 21. Rxa4 e5 22. Nf5 Bb5 23. Ra5 Rxa5 24. bxa5 Bf8 25. b4 d4 26. Kg2 g6 27. Nxd4 exd4 28. e3 Bg7 29. exd4 Bxd4 30. Bf4 Rc8 31. Re1 Rc2 32. Be3 Bxe3 33. Rxe3 Rb2 34. Re5 Bc6+ 35. Kf1 Rxb4 36. Ke2 Ra4 37. Rc5 Kd6 38. Rc2 Rxa5 39. Ke3 Re5+ 40. Kd4 Rd5+ 41. Ke3 Rf5 42. f4 Rf6 43. d4 Re6+ 44. Kd2 Kd5 0-1


[Site "https://www.chess.com"]

[Event "Titled Tuesday Blitz March 29 Late 2022"]
[White "Koutlas, Nikolaos"]
[Black "De La Colina, Nicolas"]
[WhiteFideId "25827138"]
[BlackFideId "30946921"]
[WhiteElo "1610"]
[BlackElo "2046"]
[Result "1-0"]
[Round "09"]
[TimeControl "180+1"]
[Date "2022.03.30"]
[WhiteClock "0:00:37"]
[BlackClock "0:00:06"]

1. c4 g6 2. g3 Bg7 3. Bg2 d6 4. e4 Nf6 5. Nc3 O-O 6. Nge2 e5 7. O-O a5 8. d3 c6 9. h3 Na6 10. f4 Bd7 11. f5 Nc5 12. g4 b5 13. cxb5 cxb5 14. g5 Ne8 15. f6 Bh8 16. Nd5 Bxf6 17. gxf6 Kh8 18. Bh6 Rg8 19. Ne7 Nxf6 20. Bg5 Nh5 21. Nxg6+ Rxg6 22. Bxd8 Rxd8 23. Kh2 Ne6 24. Rxf7 Nef4 25. Nxf4 Nxf4 26. Rxf4 exf4 27. Qf3 Rdg8 28. Rg1 Rf8 29. Bf1 Rgf6 30. d4 Bc6 31. d5 Bd7 32. Rg5 h6 33. Rg2 Be8 34. Rf2 b4 35. a3 Bg6 36. axb4 axb4 37. Bd3 Re8 38. e5 dxe5 39. Bxg6 Rxg6 40. Qe4 Rg3 41. Rxf4 exf4 42. Qxe8+ Kh7 43. Qf7+ Kh8 44. Qxf4 Rb3 1-0


[Site "https://www.chess.com"]

[Event "Titled Tuesday Blitz March 29 Late 2022"]
[White "Kujawski, Adam"]
[Black "Dahlgren, James Allen"]
[WhiteFideId "1100920"]
[BlackFideId "22256873"]
[WhiteElo "2053"]
[BlackElo "2122"]
[Result "1-0"]
[Round "09"]
[TimeControl "180+1"]
[Date "2022.03.30"]
[WhiteClock "0:00:14"]
[BlackClock "0:00:01"]

1. e4 e6 2. d4 c5 3. d5 Nf6 4. Nc3 d6 5. h3 g6 6. Nf3 e5 7. Bg5 Be7 8. Qd2 O-O 9. Bh6 Re8 10. g4 a6 11. a4 Nbd7 12. Ng5 Rb8 13. f3 Qa5 14. Ra2 Qb4 15. h4 b5 16. axb5 axb5 17. h5 Bb7 18. Nxb5 Qxd2+ 19. Kxd2 Ra8 20. Rxa8 Rxa8 21. Na3 Ba6 22. hxg6 hxg6 23. Nh3 Bxf1 24. Rxf1 Bf8 25. Be3 Nb6 26. Nf2 Ra4 27. Nd3 Nc4+ 28. Nxc4 Rxc4 29. b3 Rd4 30. Bxd4 exd4 31. Ke2 Bh6 32. Rh1 Kg7 33. Nb2 Nd7 34. Nc4 Bf4 35. Ra1 Kf6 36. Ra7 Ne5 37. Nxe5 Bxe5 38. Rb7 Kg7 39. Kd3 Kf6 40. Kc4 Bf4 41. Kb5 d3 42. cxd3 1-0


[Site "https://www.chess.com"]

[Event "Titled Tuesday Blitz March 29 Late 2022"]
[White "Lehtosaari, Mauri"]
[Black "Jarocka, Liwia"]
[WhiteFideId "501999"]
[BlackFideId "21807558"]
[WhiteElo "2497"]
[BlackElo "1896"]
[Result "1/2-1/2"]
[Round "09"]
[TimeControl "180+1"]
[Date "2022.03.30"]
[WhiteClock "0:00:21"]
[BlackClock "0:00:27"]

1. d4 e6 2. Nf3 d5 3. c3 c5 4. Bg5 Be7 5. Bxe7 Nxe7 6. e3 Kf8 7. Bd3 b6 8. Qe2 Bb7 9. Ne5 Nd7 10. f4 g6 11. O-O Kg7 12. Nd2 Re8 13. Ndf3 f5 14. Ng5 Ng8 15. Bb5 Ngf6 16. Qf3 h6 17. Ngf7 Qe7 18. Qh3 h5 19. Qg3 Nxe5 20. Nxe5 Ng4 21. Bxe8 Rxe8 22. Nxg4 hxg4 23. h3 gxh3 24. Qxh3 Rh8 25. Qg3 Ba6 26. Rfe1 Bd3 27. Kf2 Qh4 28. Qxh4 Rxh4 29. Rh1 Rxh1 30. Rxh1 Be4 31. Rh2 Bb1 32. a3 Bd3 33. Kg3 c4 34. Kh4 Kf6 35. g4 fxg4 36. Kxg4 Bf5+ 37. Kg3 Kg7 38. Kf2 b5 39. Ke1 a5 40. Kd2 a4 41. Ke2 Bd3+ 42. Kf3 Bf5 43. Re2 Kf6 44. e4 dxe4+ 45. Rxe4 Bxe4+ 46. Kxe4 Kf7 47. d5 exd5+ 48. Kxd5 Kf6 49. Ke4 Ke6 50. Ke3 Kd5 51. Kf3 Ke6 52. Kg4 Kf6 53. Kg3 Ke6 54. Kf3 Kf5 55. Ke3 Kg4 56. Ke4 Kg3 57. Ke3 Kg4 58. Ke4 Kg3 59. Ke3 Kg4 1/2-1/2


[Site "https://www.chess.com"]

[Event "Titled Tuesday Blitz March 29 Late 2022"]
[White "Lewtak, Damian"]
[Black "Manolache, Marius"]
[WhiteFideId "1141724"]
[BlackFideId "1201530"]
[WhiteElo "2362"]
[BlackElo "2389"]
[Result "0-1"]
[Round "09"]
[TimeControl "180+1"]
[Date "2022.03.29"]
[WhiteClock "0:00:07"]
[BlackClock "0:00:20"]

1. a3 d5 2. Nf3 Nf6 3. d4 Bf5 4. c4 e6 5. Nc3 c6 6. Bf4 Nbd7 7. e3 h6 8. Bd3 Bxd3 9. Qxd3 Nh5 10. Be5 Nhf6 11. Bg3 Be7 12. O-O O-O 13. h3 Re8 14. Rad1 Bf8 15. Rfe1 Qa5 16. c5 Nh5 17. Bh2 f5 18. g4 fxg4 19. hxg4 Nhf6 20. g5 hxg5 21. Nxg5 e5 22. Qg6 Qd8 23. e4 Re7 24. exd5 Qe8 25. Qxe8 Rexe8 26. dxe5 Nxd5 27. Nxd5 cxd5 28. b4 Be7 29. Nf3 Nf8 30. Rxd5 a5 31. Nd4 axb4 32. axb4 Ra4 33. Rb1 Kf7 34. f4 g6 35. Rb2 Ne6 36. Nb5 Rb8 37. Kg2 Ng7 38. Bg3 Ke6 39. Nc7+ Kf5 40. Rd7 Bf8 41. Rf7+ Kg4 42. Rf6 Kh5 43. Rb1 Ra2+ 44. Bf2 Nf5 45. Ne6 Nh4+ 46. Kg3 Ra3+ 47. Kh2 Ra2 48. Rf1 Bh6 49. Kg3 Rba8 50. Be3 R8a3 51. Re1 Rg2+ 52. Kh3 Rb2 53. Ng5 Bxg5 54. fxg5 Rbb3 55. Rf7 Rxe3+ 56. Rxe3 Rxe3+ 57. Kh2 Kg4 58. Rxb7 Re2+ 59. Kg1 Kg3 60. Rf7 Nf3+ 61. Rxf3+ Kxf3 62. c6 Rxe5 63. b5 Rxb5 0-1


[Site "https://www.chess.com"]

[Event "Titled Tuesday Blitz March 29 Late 2022"]
[White "Martinez Alcantara, Jose Eduardo"]
[Black "Smirnov, Pavel"]
[WhiteFideId "3805662"]
[BlackFideId "4123425"]
[WhiteElo "2690"]
[BlackElo "2545"]
[Result "1-0"]
[Round "09"]
[TimeControl "180+1"]
[Date "2022.03.29"]
[WhiteClock "0:00:11"]
[BlackClock "0:00:01"]

1. e4 e5 2. Nf3 Nc6 3. Bb5 a6 4. Ba4 Nf6 5. d3 d6 6. c3 Be7 7. O-O O-O 8. Nbd2 b5 9. Bb3 Na5 10. Bc2 c5 11. d4 exd4 12. cxd4 Bg4 13. d5 Nd7 14. h3 Bh5 15. Re1 Re8 16. b3 Bf6 17. Rb1 Bc3 18. g4 Bg6 19. Re3 b4 20. Nf1 c4 21. Ng3 Nc5 22. Bd2 Bxd2 23. Qxd2 Rb8 24. Qd4 c3 25. h4 h6 26. Kh2 Nd7 27. a3 bxa3 28. Rxc3 Rc8 29. Ra1 Qf6 30. Qxf6 Nxf6 31. Rxc8 Rxc8 32. Nd4 Nxg4+ 33. Kg2 Rc3 34. h5 Bh7 35. Rxa3 Nb7 36. Rxa6 Rc8 37. Nc6 Kf8 38. b4 Ne5 39. f4 Nc4 40. Kf2 Nd8 41. b5 Nb7 42. f5 Nc5 43. Ra7 f6 44. Ne2 Bg8 45. Nf4 Ne5 46. Ne6+ Bxe6 47. fxe6 Nxc6 48. bxc6 1-0


[Site "https://www.chess.com"]

[Event "Titled Tuesday Blitz March 29 Late 2022"]
[White "Melaugh, Shane"]
[Black "Meza, Anahi"]
[WhiteFideId "2509580"]
[BlackFideId "111325"]
[WhiteElo "2014"]
[BlackElo "1968"]
[Result "1-0"]
[Round "09"]
[TimeControl "180+1"]
[Date "2022.03.30"]
[WhiteClock "0:01:14"]
[BlackClock "0:00:01"]

1. d4 Nf6 2. c4 g6 3. Nc3 Bg7 4. e4 O-O 5. Be2 d6 6. Be3 Nbd7 7. g4 c5 8. g5 Ne8 9. h4 cxd4 10. Bxd4 Bxd4 11. Qxd4 Qb6 12. Qd2 Ne5 13. Nd5 Qd8 14. f4 Nc6 15. O-O-O Ng7 16. h5 gxh5 17. f5 b5 18. cxb5 Ne5 19. Bxh5 Nxf5 20. exf5 Bxf5 21. b3 Rc8+ 22. Nc3 Nd3+ 23. Qxd3 Bxd3 24. Rxd3 Qa5 25. Kb2 Rc5 26. Nge2 Rxg5 27. Bf3 Rc8 28. Be4 h5 29. Rdh3 Qb4 30. Rxh5 Rxh5 31. Rxh5 a5 32. Rh4 Qc5 33. Rg4+ Kf8 34. Rh4 Kg7 35. a4 Qe5 36. Bd3 f5 37. Rh5 e6 38. b6 Rb8 39. Bc4 Rxb6 40. Rh3 Rb8 41. Rg3+ Kf6 42. Kc2 d5 43. Bd3 d4 44. Nb5 Rc8+ 45. Kd2 Qd5 46. Bc4 Rxc4 47. bxc4 Qxc4 48. Nbxd4 Qxa4 49. Re3 Qa2+ 50. Nc2 e5 51. Ra3 Qd5+ 52. Rd3 Qc5 53. Rc3 Qd5+ 54. Rd3 Qb5 55. Nc3 Qb4 56. Ke2 Qg4+ 57. Kd2 Qg2+ 58. Kd1 e4 59. Rd2 1-0


[Site "https://www.chess.com"]

[Event "Titled Tuesday Blitz March 29 Late 2022"]
[White "Melikhov, Evgeny V."]
[Black "Harish, Neeraj"]
[WhiteFideId "4122046"]
[BlackFideId "30958130"]
[WhiteElo "1945"]
[BlackElo "1574"]
[Result "1-0"]
[Round "09"]
[TimeControl "180+1"]
[Date "2022.03.30"]
[WhiteClock "0:00:27"]
[BlackClock "0:00:02"]

1. d4 d5 2. c4 c6 3. Nc3 Nf6 4. e3 e6 5. Nf3 Nbd7 6. Bd3 dxc4 7. Bxc4 b5 8. Bd3 Bb7 9. O-O Bd6 10. e4 e5 11. Bg5 O-O 12. d5 b4 13. dxc6 Bxc6 14. Nd5 Bxd5 15. exd5 Nc5 16. Bb5 h6 17. Be3 e4 18. Nd4 Qc8 19. Bc6 Rb8 20. h3 Nd3 21. Qe2 Rb6 22. Nb5 Rxc6 23. dxc6 Qxc6 24. Nxd6 Qxd6 25. Bxa7 Nd5 26. Be3 N5f4 27. Bxf4 Qxf4 28. Qe3 Qxe3 29. fxe3 g6 30. a3 b3 31. Rfb1 Ra8 32. a4 Ra5 33. Ra3 Nc5 34. Rc1 f5 35. Rc4 Kf7 36. Ra1 Ke6 37. Rac1 Nd3 38. R1c3 Nxb2 39. Rb4 Nd3 40. Rb6+ Kd5 41. Rcxb3 Rxa4 42. Rxg6 Ra1+ 43. Kh2 Re1 44. Rb5+ Kc4 45. Rxf5 Rxe3 46. Rxh6 Re1 47. Re6 e3 48. h4 e2 49. h5 Rf1 50. g4 e1=Q 51. Rxe1 Rxe1 52. h6 Re8 53. g5 Ne5 54. Rxe5 Rxe5 55. h7 1-0


[Site "https://www.chess.com"]

[Event "Titled Tuesday Blitz March 29 Late 2022"]
[White "Melkumyan, Hrant"]
[Black "Rasulov, Vugar"]
[WhiteFideId "13302485"]
[BlackFideId "13402390"]
[WhiteElo "2604"]
[BlackElo "2560"]
[Result "0-1"]
[Round "09"]
[TimeControl "180+1"]
[Date "2022.03.29"]
[WhiteClock "0:00:39"]
[BlackClock "0:00:33"]

1. d4 Nf6 2. c4 e6 3. Nf3 b6 4. g3 Bb7 5. Bg2 Bb4+ 6. Bd2 a5 7. O-O O-O 8. Bf4 Be7 9. Nc3 Ne4 10. Qc2 Nxc3 11. bxc3 d5 12. Ne5 Nd7 13. cxd5 exd5 14. Rad1 Nf6 15. c4 Rc8 16. Bg5 h6 17. Bxf6 Bxf6 18. cxd5 Bxd5 19. Nc6 Bxc6 20. Qxc6 Re8 21. e3 Re6 22. Qf3 Rd6 23. d5 Qe7 24. Rc1 Bb2 25. Rc4 Ba3 26. h4 Bc5 27. h5 Rcd8 28. Rd1 Rf6 29. Qe2 Qe5 30. Re4 Qc3 31. a4 Qb3 32. Rd3 Qb1+ 33. Kh2 Rxf2 34. Qxf2 Qxd3 35. Qf5 Rf8 36. Qf3 Qxd5 37. Kh3 Bd6 38. Bf1 Kh8 39. Bc4 Qg5 40. Bxf7 Rxf7 41. Re8+ Kh7 0-1


[Site "https://www.chess.com"]

[Event "Titled Tuesday Blitz March 29 Late 2022"]
[White "Mikhailov, Viacheslav"]
[Black "Martin Duque, Jesus"]
[WhiteFideId "4187369"]
[BlackFideId "2208954"]
[WhiteElo "2381"]
[BlackElo "2243"]
[Result "0-1"]
[Round "09"]
[TimeControl "180+1"]
[Date "2022.03.29"]
[WhiteClock "0:00:01"]
[BlackClock "0:00:17"]

1. Nf3 Nf6 2. g3 b6 3. Bg2 Bb7 4. O-O g6 5. d3 c5 6. b3 Bg7 7. Bb2 O-O 8. a4 Nc6 9. Nbd2 d6 10. e4 Qc7 11. Nc4 e6 12. Qd2 Rad8 13. Rfe1 e5 14. Nh4 d5 15. exd5 Nxd5 16. Nf3 Nd4 17. Bxd4 exd4 18. Ng5 h6 19. Nh3 Rfe8 20. Nf4 Nxf4 21. Qxf4 Qxf4 22. gxf4 Bc8 23. Rxe8+ Rxe8 24. Nd6 Rd8 25. Nxc8 Rxc8 26. a5 Bf8 27. axb6 axb6 28. Ra7 Bd6 29. Bd5 Rc7 30. Ra6 Bxf4 31. Rxb6 Kg7 32. h3 h5 33. Kg2 Bd2 34. Bc4 Re7 35. Kf3 Bb4 36. Rc6 Kf8 37. Bd5 Kg7 38. Bc4 Kf8 39. Kg2 Kg7 40. Rc8 Re5 41. f4 Rf5 42. Kf3 Bd2 43. Ke2 Bxf4 44. Rc6 Bg3 45. Kd1 g5 46. Ra6 Rf6 47. Ra7 Bd6 48. Ke2 g4 49. hxg4 hxg4 50. Ra1 g3 51. b4 Rf2+ 52. Ke1 cxb4 53. Bd5 f5 54. Ra7+ Kf6 55. Rf7+ Ke5 56. Ba8 b3 57. cxb3 Bb4+ 58. Kd1 g2 59. Bxg2 Rxg2 60. Rb7 Bc3 61. Kc1 Rd2 62. b4 Rxd3 63. b5 Rd2 64. b6 Rb2 65. Rb8 Kf4 66. b7 Rb6 67. Kc2 Kf3 68. Kd3 f4 69. Kc4 Rb1 70. Kc5 d3 71. Rd8 d2 72. Rd3+ Ke2 73. Kc4 Rxb7 74. Kxc3 d1=Q 0-1


[Site "https://www.chess.com"]